 Dungeon Crawl Stone Soup version 0.31.0-9-g3a7656b989 (webtiles) character file.

Game seed: 12311413430635531758

2486 GreatBamboolord the Chiller (level 9, -7/71 HPs)
             Began as a Red Draconian Ice Elementalist on Jan 25, 2024.
             Was a Priest of Nemelex Xobeh.
             Mangled by Joseph
             ... wielding a +0 heavy quarterstaff
              (22 damage)
             ... on level 7 of the Dungeon.
             The game lasted 00:20:19 (7164 turns).

GreatBamboolord the Chiller (DrIE)                  Turns: 7164, Time: 00:20:20

Health: -7/71      AC:  7    Str: 11    XL:     9   Next: 27%
Magic:  15/17      EV: 14    Int: 19    God:    Nemelex Xobeh [***...]
Gold:   340        SH:  0    Dex: 18    Spells: 8/18 levels left

rFire   + . .        n - +2 dagger (speed)
rCold   . . .        (no shield)
rNeg    . . .        (body armour unavailable)
rPois   .            (helmet restricted)
rElec   .            (no cloak)
rCorr   .            (no gloves)
SInv    .            (no boots)
Will    .....        l - amulet of the acrobat
Stlth   +++          q - +6 ring of dexterity
HPRegen 0.31/turn    u - ring of flight
MPRegen 0.15/turn

%: acrobat
@: short of breath, flying
A: breathe fire, AC +7, unfitting armour, fire resistance 1, cold-blooded
a: Breathe Fire, Renounce Religion, Draw Escape, Draw Destruction, Draw
Summoning, Triple Draw


You were on level 7 of the Dungeon.
You worshipped Nemelex Xobeh.
Nemelex Xobeh was most pleased with you.
You visited 2 branches of the dungeon, and saw 8 of its levels.

You collected 340 gold pieces.

Inventory:

Hand Weapons
 n - a +2 dagger of speed (weapon)
Armour
 h - a +2 kite shield of protection
 y - an orb of guile
Jewellery
 l - an amulet of the acrobat (around neck)
 q - a +6 ring of dexterity (left hand)
 u - a ring of flight (right hand)
Wands
 t - a wand of roots (3)
 x - a wand of paralysis (10)
Scrolls
 c - a scroll of fear {unknown}
 d - 4 scrolls of teleportation
 f - 3 scrolls of fog {unknown}
 g - a scroll of silence {unknown}
 i - a scroll of revelation {unknown}
 m - a scroll of vulnerability {unknown}
 o - a scroll of enchant weapon {unknown}
 r - 2 scrolls of brand weapon {unknown}
 s - 2 scrolls of identify {unknown}
 w - a scroll of blinking {unknown}
 z - a scroll of amnesia {unknown}
Potions
 a - 2 potions of magic
 b - 2 potions of curing {unknown}
 e - 2 potions of enlightenment {unknown}
 j - a potion of lignification {unknown}
 k - 2 potions of heal wounds {unknown}
 p - a potion of degeneration {unknown}
 v - a potion of might {unknown}


   Skills:
 + Level 4.1 Fighting
 + Level 4.0 Dodging
 + Level 4.2 Stealth
 * Level 5.4 Spellcasting
 * Level 0.6 Conjurations
 + Level 3.4 Summonings
 * Level 0.9 Fire Magic
 * Level 5.8 Ice Magic
 * Level 5.7 Invocations


You had 8 spell levels left.
You knew the following spells:

 Your Spells              Type           Power      Damage    Failure   Level
a - Freeze                Ice            100%       1d10      1%          1
b - Frozen Ramparts       Ice            54%        1d9       3%          3
c - Ozocubu's Armour      Ice            27%        N/A       3%          3
d - Summon Ice Beast      Ice/Summ       22%        N/A       5%          3

Your spell library contained the following spells:

 Spells                   Type           Power      Damage    Failure   Level
 Foxfire                  Conj/Fire      32%        2x1d5     9%          1
 Plasma Beam              Fire/Air       3%         2x1d13    100%        6
 Starburst                Conj/Fire      4%         6d3       100%        6


Dungeon Overview and Level Annotations

Branches:
Dungeon (7/15)             Temple (1/1) D:7

Altars:
Cheibriados
Dithmenos
Elyvilon
Fedhas
Gozag
Hepliaklqana
Kikubaaqudgha
Makhleb
Nemelex Xobeh
Okawaru
Qazlal
Ru
Sif Muna
Trog
Uskayaw
Vehumet
Wu Jian
Xom
Yredelemnul
The Shining One

Annotations:
D:6 3 runed translucent doors, GordonOverkill's ghost, weakling FoDe; aduken's ghost, novice GnFE; flt's ghost, weakling TeDe
D:7 Joseph


Innate Abilities, Weirdness & Mutations

You can breathe blasts of fire.
Your fiery red scales are hard. (AC +7)
You cannot fit into any form of body armour.
Your flesh is heat resistant. (rF+)
You are cold-blooded and may be slowed by cold attacks.


Message History

The iguana is engulfed in blazing flames.
You kill the iguana!
Your Dodging skill increases to level 4!
You can't see any hostile targets in range.
You can't see any hostile targets in range.
Joseph, a Mercenary comes into view.
He is wielding a +0 heavy quarterstaff.
Joseph is nearby!
You have got your breath back.
The helpless Joseph fails to defend himself.
You puncture Joseph!
Joseph is moderately wounded.
Joseph hits you with a +0 heavy quarterstaff!!
Joseph unwields a +0 heavy quarterstaff.
Joseph wields a +3 sling of freezing.
It is covered in frost.
Joseph shoots a sling bullet.
The sling bullet completely misses you.
Joseph shoots a sling bullet.
The sling bullet hits you!
You feel yourself slow down. The sling bullet freezes you!
You start resting.
You feel yourself speed up.
Joseph says, "It's nothing personal, but I have to kill you."
Aiming: Breathe Fire (4% risk of failure)
Press: ? - help, Q - select action, (/) - cycle Shift-Dir - straight line, f - Joseph
Aim: Joseph, wielding a +3 sling of freezing and wearing a +0 ring mail (moderately wounded, 72% to hit)
You breathe a blast of fire.
The fiery breath misses Joseph.
Joseph unwields a +3 sling of freezing.
Joseph wields a +0 heavy quarterstaff.
Joseph hits you with a +0 heavy quarterstaff!!
* * * LOW HITPOINT WARNING * * *
Okay, then.
You draw... (choose one card, ? for their descriptions)
a - the Cloud b - Velocity
c - the Cloud You have drawn the Cloud.
Clouds appear around your foes!
Unknown command.
You hit Joseph but do no damage.
Joseph is moderately wounded.
Joseph is engulfed in calcifying dust.
Joseph is moving more slowly.
Joseph hits you with a +0 heavy quarterstaff!!
You die...
Your body glows slightly and disappears.

#.........# #....#
#.........# #.........#
#.........# #.........#
#.........#
#.........###
#...........## ###♣♣♣
###########.@###....♣.♣
##.@#..@.P.♣ ##§.§..P.♣
###§..P♣♣ ####♣♣


You could see Joseph (petrifying).

Vanquished Creatures
  Jeremiah (D:6)
  Prince Ribbit (D:7)
  Sigmund (D:6)
  Eustachio (D:6)
  A water moccasin (D:5)
  An orc warrior (D:5)
  2 sky beasts
  2 black bears
  An ogre (D:5)
  A phantom (D:6)
  A centaur (D:6)
  4 scorpions
  3 bombardier beetles
  2 hounds
  2 sleepcaps
  6 iguanas
  Ijyb (D:5)
  Natasha (twice) (D:4)
  Robin (D:3)
  3 gnolls (D:4)
  3 white imps
  6 ufetubi
  2 ribbon worms
  3 dart slugs
  9 orcs
  9 bats
  9 endoplasms
  2 giant cockroaches (D:3)
  13 goblins
  10 hobgoblins
  6 jackals (D:2)
  3 kobolds
  5 quokkas
  5 ball pythons
  2 frilled lizards
  4 rats
128 creatures vanquished.

Vanquished Creatures (collateral kills)
  An endoplasm (D:3)
  A kobold (D:3)
2 creatures vanquished.

Grand Total: 130 creatures vanquished

Notes
Turn   | Place    | Note
-------+----------+-------------------------------------------
     0 | D:1      | GreatBamboolord the Draconian Ice Elementalist began the
                  | quest for the Orb.
     0 | D:1      | Reached XP level 1. HP: 14/14 MP: 3/3
   159 | D:1      | Reached XP level 2. HP: 22/22 MP: 0/5
   324 | D:1      | Found a faded altar of an unknown god.
   347 | D:1      | Prayed at the altar of an unknown god.
   347 | D:1      | Became a worshipper of Nemelex Xobeh the Trickster
   347 | D:1      | Reached * piety under Nemelex Xobeh
   451 | D:1      | Reached skill level 1 in Fighting
   617 | D:1      | Received a gift from Nemelex Xobeh
   826 | D:1      | Reached XP level 3. HP: 25/28 MP: 1/6
   830 | D:1      | Learned a level 3 spell: Frozen Ramparts
  1941 | D:2      | Reached ** piety under Nemelex Xobeh
  2075 | D:2      | Learned a level 3 spell: Ozocubu's Armour
  2103 | D:3      | Received a gift from Nemelex Xobeh
  2216 | D:3      | Noticed Robin
  2222 | D:3      | Reached skill level 1 in Invocations
  2222 | D:3      | Reached XP level 4. HP: 30/35 MP: 4/7
  2242 | D:3      | Identified the +0 quarterstaff of Dull Valour {venom, Int+4
                  | Dex+2 Stlth-}
  2247 | D:3      | Killed Robin
  2661 | D:3      | Reached XP level 5. HP: 41/41 MP: 4/9
  2720 | D:3      | Found a stormy altar of Qazlal.
  2969 | D:3      | Received a gift from Nemelex Xobeh
  3359 | D:4      | Noticed Natasha
  3368 | D:4      | Killed Natasha
  3369 | D:4      | Reached skill level 1 in Summonings
  3415 | D:4      | Identified the +2 ring mail of Luexisax {rN+ Dex+5}
  3448 | D:4      | Noticed Natasha
  3454 | D:4      | Killed Natasha
  3548 | D:4      | Noticed a phantom
  3563 | D:4      | Banished a phantom
  3564 | D:4      | Reached skill level 5 in Ice Magic
  3564 | D:4      | Reached XP level 6. HP: 27/48 MP: 3/10
  3707 | D:4      | Received a gift from Nemelex Xobeh
  3718 | D:5      | Entered Level 5 of the Dungeon
  3950 | D:5      | Your scales start taking on a fiery red colour.
  3950 | D:5      | Reached XP level 7. HP: 54/56 MP: 7/12
  3950 | D:5      | Gained mutation: Your flesh is heat resistant. (rF+) [Red
                  | Draconian growth]
  4072 | D:5      | Reached *** piety under Nemelex Xobeh
  4448 | D:5      | Found a glowing golden altar of the Shining One.
  4785 | D:5      | Reached XP level 8. HP: 42/63 MP: 7/14
  5225 | D:5      | Noticed Ijyb
  5235 | D:5      | Killed Ijyb
  5574 | D:6      | Noticed Eustachio
  5592 | D:6      | Reached skill level 5 in Ice Magic
  5665 | D:6      | Killed Eustachio
  5671 | D:6      | Identified the +2 robe of Fedhas {rPois}
  5941 | D:6      | Noticed Jeremiah
  5959 | D:6      | Killed Jeremiah
  5960 | D:6      | Reached skill level 5 in Invocations
  5970 | D:6      | Learned a level 3 spell: Summon Ice Beast
  6204 | D:6      | Reached skill level 5 in Spellcasting
  6280 | D:6      | Noticed Sigmund
  6283 | D:6      | Killed Sigmund
  6284 | D:6      | Reached XP level 9. HP: 71/71 MP: 16/16
  6403 | D:6      | Found a runed translucent gate.
  6403 | D:6      | Found a runed translucent gate.
  6403 | D:6      | Found a runed translucent gate.
  6405 | D:6      | Noticed flt's ghost (weakling TeDe)
  6405 | D:6      | Noticed GordonOverkill's ghost (weakling FoDe)
  6406 | D:6      | Noticed aduken's ghost (novice GnFE)
  6764 | D:7      | Found a staircase to the Ecumenical Temple.
  6868 | Temple   | Entered the Ecumenical Temple
  7045 | D:7      | Noticed Prince Ribbit
  7055 | D:7      | Killed Prince Ribbit
  7147 | D:7      | Noticed Joseph
  7164 | D:7      | Mangled by Joseph

Illustrated notes

Levels and vault maps discovered:
D:1:      dpeg_arrival_boxes_within_box, layout_basic, basic_ecumenical_altar
D:2:      layout_basic, minmay_misc_feat_chi
D:3:      layout_loops_cross, grunt_qazlal_sundering, uniq_robin
D:4:      layout_basic, feat_on_display, uniq_natasha
D:5:      layout_basic, mainiacjoe_overflow_paths, wad_floor_pattern_2,
          palyth_stone_intersect, nicolae_titane, uniq_ijyb
D:6:      layout_loops_ring, gammafunk_ghost_cemetery, uniq_eustachio,
          uniq_sigmund, uniq_jeremiah
D:7:      layout_basic, zin_treasury, minmay_temple_entry_large_hall,
          uniq_prince_ribbit1, uniq_crazy_yiuf_cottage, uniq_joseph
Temple:   regret_index_temple_chain_breaker

Skill      XL: |  1  2  3  4  5  6  7  8  9 |
---------------+----------------------------+-----
Stealth        | 2 3 4 |  4.2
Dodging        | 2 3 4 |  4.0
Fighting       | 1 2 3 4 |  4.1
Invocations    | 1 2 3 4 5 |  5.7
Spellcasting   | 3 4 5 |  5.4
Summonings     | 1 2 3 |  3.4
Ice Magic      | 5 4 5 |  5.8
Conjurations   | |  0.6
Fire Magic     | |  0.9

Action                     |  1- 3 |  4- 6 |  7- 9 || total
---------------------------+-------+-------+-------++-------
  Melee: Unarmed           |    22 |    29 |       ||    51
         Tailslap          |     3 |    11 |    37 ||    51
         Dagger            |       |    40 |   182 ||   222
         Punch             |       |     2 |     6 ||     8
   Cast: Freeze            |    81 |    52 |    61 ||   194
         Frozen Ramparts   |       |     5 |    17 ||    22
         Ozocubu's Armour  |       |     3 |     6 ||     9
         Summon Ice Beast  |       |       |     2 ||     2
 Invoke: Draw Destruction  |     2 |     2 |     1 ||     5
         Draw Summoning    |       |     1 |       ||     1
         Draw Escape       |       |     2 |       ||     2
         Triple Draw       |       |       |     1 ||     1
Ability: Breathe Fire      |       |       |    20 ||    20
    Use: Scroll            |     1 |       |       ||     1
   Stab: Sleeping          |       |       |     3 ||     3
 Armour: Skin              |    67 |    63 |   148 ||   278
  Dodge: Dodged            |    71 |    77 |   232 ||   380
